 Dungeon Crawl Stone Soup version 0.22-a0-542-gce4f928 (webtiles) character file.

4118 inc the Magician (level 10, -2/74 HPs)
             Began as a Gnoll Fire Elementalist on June 24, 2018.
             Was a Follower of Cheibriados.
             Slain by a hellwing (15 damage)
             ... on level 7 of the Dungeon.
             The game lasted 00:16:38 (7378 turns).

inc the Magician (Gnoll Fire Elementalist)          Turns: 7378, Time: 00:16:39

Health: -2/74      AC:  5    Str: 14    XL:     10   Next: 26%
Magic:  1/20       EV: 21    Int: 24    God:    Cheibriados [*.....]
Gold:   434        SH:  0    Dex: 18    Spells: 22/23 levels left

rFire    + + .     SeeInvis .   w - +2 great mace (protect)
rCold    + + .     Gourm    .   (shield currently unavailable)
rNeg     . . .     Faith    .   J - +0 robe {rC+ rF+}
rPois    +         Spirit   .   u - +1 helmet
rElec    +         Reflect  .   (no cloak)
rCorr    +         Harm     +   G - +0 pair of gloves
MR       .....                  (no boots)
Stlth    ++++......             g - amulet of harm
HPRegen  0.22/turn              l - +4 ring of evasion
MPRegen  0.17/turn              (no ring)

@: resistant, very slow
A: distributed training, fangs 1, strong nose
a: Bend Time, Renounce Religion


You were on level 7 of the Dungeon.
You worshipped Cheibriados.
Cheibriados was aware of your devotion.
You were very hungry.

You visited 2 branches of the dungeon, and saw 8 of its levels.
You also visited: Sewer.

You collected 434 gold pieces.

Inventory:

Hand Weapons
 f - a +0 whip
 o - a +0 short sword
 w - a +2 great mace of protection (weapon)
 B - a -3 hand axe
 I - a +2 whip of flaming
Armour
 a - a +0 robe
 t - a +1 ring mail of fire resistance
 u - a +1 helmet (worn)
 v - a +1 hat
 G - a +0 pair of gloves (worn)
 J - a +0 robe of resistance (worn)
Magical Staves
 H - an uncursed staff of summoning
Jewellery
 g - an amulet of harm (around neck)
 l - a +4 ring of evasion (left hand)
Wands
 y - a wand of paralysis (6)
 z - a wand of clouds (3)
 F - a wand of digging (10)
Scrolls
 b - 6 scrolls of remove curse
 d - 6 scrolls of teleportation
 e - 3 scrolls of enchant armour {unknown}
 h - 5 scrolls of identify
 k - 2 scrolls of immolation {unknown}
 p - a scroll of amnesia {unknown}
 s - a scroll of fog {unknown}
 x - a scroll of blinking {unknown}
 D - a scroll of enchant weapon {unknown}
Potions
 i - 2 potions of degeneration
 j - a potion of might {unknown}
 m - a potion of mutation
 n - 6 potions of flight
 q - a potion of lignification
 r - 4 potions of curing
 E - a potion of cancellation {unknown}
Comestibles
 c - 15 rations


   Skills:
 + Level 5.0 Fighting
 + Level 5.0 Short Blades
 + Level 5.0 Long Blades
 + Level 5.0 Axes
 + Level 5.0 Maces & Flails
 + Level 5.0 Polearms
 + Level 5.0 Staves
 + Level 5.0 Slings
 + Level 5.0 Bows
 + Level 5.0 Crossbows
 + Level 5.0 Throwing
 + Level 5.0 Armour
 + Level 6.9 Dodging
 + Level 6.6 Stealth
 + Level 5.0 Shields
 + Level 5.0 Unarmed Combat
 + Level 7.2 Spellcasting
 + Level 4.7 Conjurations
 + Level 4.1 Hexes
 + Level 4.1 Charms
 + Level 4.1 Summonings
 + Level 4.1 Necromancy
 + Level 4.1 Translocations
 + Level 4.1 Transmutations
 + Level 6.9 Fire Magic
 + Level 4.1 Ice Magic
 + Level 4.1 Air Magic
 + Level 4.1 Earth Magic
 + Level 4.1 Poison Magic
 + Level 5.5 Invocations
 + Level 5.0 Evocations


You had 22 spell levels left.
You knew the following spells:

 Your Spells              Type           Power        Failure   Level  Hunger
a - Flame Tongue          Conj/Fire      #####        1%          1    None

Your spell library contained the following spells:

 Spells                   Type           Power        Failure   Level  Hunger
 Fireball                 Conj/Fire      #####.....   19%         5    #####..
 Conjure Flame            Conj/Fire      #####...     1%          3    None
 Throw Flame              Conj/Fire      #####.       1%          2    None
 Sticky Flame             Conj/Fire      #####...     6%          4    ###....
 Inner Flame              Hex/Fire       #####...     2%          3    None


Dungeon Overview and Level Annotations

Branches:
Dungeon (7/15)             Temple (1/1) D:7

Altars:
Ashenzari
Cheibriados
Dithmenos
Elyvilon
Fedhas
Gozag
Hepliaklqana
Kikubaaqudgha
Makhleb
Nemelex Xobeh
Okawaru
Qazlal
Ru
Sif Muna
Trog
Uskayaw
Vehumet
Wu Jian
Xom
Yredelemnul
Zin
The Shining One


Innate Abilities, Weirdness & Mutations

Your experience applies equally to all skills.
You have very sharp teeth.
Your uncanny sense of smell can sniff out nearby items.


Message History

The hellwing is almost dead.
The hellwing completely misses you.
The hellwing hits you but does no damage.
It was a potion of resistance.
You feel protected. The hellwing misses you.
The hellwing completely misses you.
You hit the hellwing but do no damage.
You bite the hellwing, but do no damage.
The hellwing is almost dead.
The hellwing hits you but does no damage. x2
The hellwing barely misses you. x2
You barely miss the hellwing.
The hellwing is almost dead.
The hellwing hits you!
* * * LOW HITPOINT WARNING * * *
The hellwing closely misses you.
You barely miss the hellwing.
The hellwing is almost dead.
The hellwing hits you!
You die...

...# #.# ..# .# #.... ##.#
#.# ### #.#####.(.. #.#
##.# #.......### #.###..# .
#######..#. #..##.## ##.
######## ###... ###....#
#.. #......###...#.
...##..#
#.#####.#.#..##(.###.
>..##..##
#............)((##
...#....###
#...@4..#.#...###
.....##>..###.....#.....###
...#..###..##.....#..####
...##.####........#.## ..
#..# ##.........# #
##.###....<....##
#.........##..#
#.<...#.####..#
#...##.(...##..#


You could see a hellwing.

Vanquished Creatures
  A two-headed ogre (D:6)
  Pikel (D:7)
  2 centaur skeletons (D:7)
  A hellwing (D:7)
  An ice beast (D:6)
  A sky beast (D:5)
  A black bear (D:6)
  4 slaves (D:7)
  An orc warrior (D:5)
  An ogre (D:5)
  A phantom (D:5)
  2 centaurs
  2 bullfrogs (D:6)
  A scorpion (D:6)
  A wyvern skeleton (D:7)
  A howler monkey (D:6)
  4 crimson imps
  A bullfrog zombie (D:5)
  An orc priest (D:6)
  A hound (D:6)
  An iron imp (D:5)
  2 jellies
  3 orc wizards
  Terence (D:3)
  3 worker ants
  A merfolk avatar (Sewer)
  A merfolk siren (Sewer)
  7 gnolls
  A howler monkey skeleton (D:2)
  12 adders
  2 river rats
  4 shadow imps
  4 worms
  6 leopard geckos
  16 orcs
  8 giant cockroaches
  9 goblins
  7 hobgoblins
  11 jackals
  4 quokkas
  5 ball pythons
  10 bats
  13 frilled lizards
  8 kobolds
  36 rats
204 creatures vanquished.

Vanquished Creatures (others)
  A centaur zombie (D:7)
  A hound (D:7)
  A withered plant (D:7)
3 creatures vanquished.

Grand Total: 207 creatures vanquished

Notes
Turn   | Place    | Note
-------+----------+-------------------------------------------
     0 | D:1      | inc the Gnoll Fire Elementalist began the quest for the Orb.
     0 | D:1      | Reached XP level 1. HP: 13/13 MP: 6/6
   118 | D:2      | Reached XP level 2. HP: 6/19 MP: 1/7
   776 | D:1      | Reached XP level 3. HP: 25/25 MP: 6/9
   831 | D:1      | Reached skill level 5 in Spellcasting
  1173 | D:1      | Reached skill level 1 in Invocations
  1254 | D:2      | Reached skill level 1 in Fighting
  1254 | D:2      | Reached skill level 1 in Short Blades
  1254 | D:2      | Reached skill level 1 in Long Blades
  1254 | D:2      | Reached skill level 1 in Axes
  1254 | D:2      | Reached skill level 1 in Maces & Flails
  1254 | D:2      | Reached skill level 1 in Polearms
  1254 | D:2      | Reached skill level 1 in Staves
  1254 | D:2      | Reached skill level 1 in Slings
  1254 | D:2      | Reached skill level 1 in Bows
  1254 | D:2      | Reached skill level 1 in Crossbows
  1254 | D:2      | Reached skill level 1 in Throwing
  1254 | D:2      | Reached skill level 1 in Armour
  1254 | D:2      | Reached skill level 1 in Shields
  1254 | D:2      | Reached skill level 1 in Unarmed Combat
  1254 | D:2      | Reached skill level 1 in Evocations
  1260 | D:2      | Reached XP level 4. HP: 32/32 MP: 0/11
  1422 | D:2      | Found a sparkling altar of Nemelex Xobeh.
  1517 | D:2      | Reached skill level 1 in Hexes
  1517 | D:2      | Reached skill level 1 in Charms
  1517 | D:2      | Reached skill level 1 in Summonings
  1517 | D:2      | Reached skill level 1 in Necromancy
  1517 | D:2      | Reached skill level 1 in Translocations
  1517 | D:2      | Reached skill level 1 in Transmutations
  1517 | D:2      | Reached skill level 1 in Ice Magic
  1517 | D:2      | Reached skill level 1 in Air Magic
  1517 | D:2      | Reached skill level 1 in Earth Magic
  1517 | D:2      | Reached skill level 1 in Poison Magic
  1691 | D:2      | Found a sacrificial altar of Ru.
  1692 | D:2      | Found a stormy altar of Qazlal.
  1822 | D:2      | Reached XP level 5. HP: 37/37 MP: 9/12
  1876 | D:2      | Found a glowing golden altar of the Shining One.
  2499 | D:3      | Found a hide-covered altar of Uskayaw.
  2503 | D:3      | Noticed Terence
  2511 | D:3      | Killed Terence
  3073 | D:3      | Reached XP level 6. HP: 44/44 MP: 4/13
  3808 | D:5      | Entered Level 5 of the Dungeon
  3812 | D:5      | Reached skill level 5 in Dodging
  3846 | D:5      | Noticed a sky beast
  3868 | D:5      | Killed a sky beast
  3868 | D:5      | Reached XP level 7. HP: 29/50 MP: 1/15
  4197 | D:5      | Found a glowing drain.
  4273 | Sewer    | Entered a sewer
  4587 | Sewer    | Reached skill level 5 in Stealth
  4912 | D:5      | Found a snail-covered altar of Cheibriados.
  4931 | D:5      | Became a worshipper of Cheibriados the Contemplative
  5011 | D:5      | Reached XP level 8. HP: 57/57 MP: 13/16
  5234 | D:5      | Found a shimmering altar of Xom.
  5235 | D:5      | Found a burning altar of Makhleb.
  5329 | D:6      | Noticed a two-headed ogre
  5495 | D:6      | Reached skill level 6 in Spellcasting
  5617 | D:6      | Killed a two-headed ogre
  5617 | D:6      | Reached XP level 9. HP: 44/65 MP: 11/18
  5751 | D:6      | Reached * piety under Cheibriados
  5812 | D:6      | Found a hazy altar of Hepliaklqana.
  6626 | D:7      | Noticed a hellwing
  6642 | D:7      | Killed a hellwing
  6642 | D:7      | Reached skill level 5 in Invocations
  6796 | D:7      | Reached skill level 7 in Spellcasting
  6796 | D:7      | Reached XP level 10. HP: 69/73 MP: 11/20
  6919 | D:7      | Found a staircase to the Ecumenical Temple.
  6924 | Temple   | Entered the Ecumenical Temple
  7199 | D:7      | Noticed Pikel
  7216 | D:7      | Killed Pikel
  7322 | D:7      | Reached skill level 5 in Fighting
  7322 | D:7      | Reached skill level 5 in Short Blades
  7322 | D:7      | Reached skill level 5 in Long Blades
  7322 | D:7      | Reached skill level 5 in Axes
  7322 | D:7      | Reached skill level 5 in Maces & Flails
  7322 | D:7      | Reached skill level 5 in Polearms
  7322 | D:7      | Reached skill level 5 in Staves
  7322 | D:7      | Reached skill level 5 in Slings
  7322 | D:7      | Reached skill level 5 in Bows
  7322 | D:7      | Reached skill level 5 in Crossbows
  7322 | D:7      | Reached skill level 5 in Throwing
  7322 | D:7      | Reached skill level 5 in Armour
  7322 | D:7      | Reached skill level 5 in Shields
  7322 | D:7      | Reached skill level 5 in Unarmed Combat
  7322 | D:7      | Reached skill level 5 in Evocations
  7378 | D:7      | Slain by a hellwing

Vault maps used:
D:1:      giann_forest_graveyard, hex_medium
D:2:      nicolae_tso_carved_into_rock, nemelex_xobeh_ov_fountains_minmay,
          gammafunk_temple_overflow_pools, first_ration, serial_bayou,
          serial_bayou_pond_e, serial_bayou_pond_e, serial_bayou_pond_b,
          serial_bayou_pond_d, serial_bayou_lagoon_a
D:3:      eat_drink_and_be_merry_uskayaw, uniq_terence
D:5:      wad_pebble_path, grunt_temple_overflow_champion_of_chaos,
          slow_altar_2, portal_sewer_entry_b
D:6:      lemuel_crystal_altar, eino_tiny_chamber, serial_bayou_pond_d,
          supply_closet_lemuel
D:7:      cheibrodos_grave_circle, minmay_temple_entry_nine_rooms, serial_shops,
          nicolae_shop_behind_doors, glass_columns_a, uniq_pikel
Temple:   nicolae_temple_figure_eight
Sewer:    sewer_sea

Skill      XL: |  1  2  3  4  5  6  7  8  9 10 |
---------------+-------------------------------+-----
Conjurations   | 2 3 4 |  4.7
Spellcasting   | 5 6 7 |  7.2
Invocations    | 1 2 3 4 5 |  5.5
Fighting       | 1 2 3 4 5 |  5.0
Short Blades   | 1 2 3 4 5 |  5.0
Long Blades    | 1 2 3 4 5 |  5.0
Axes           | 1 2 3 4 5 |  5.0
Maces & Flails | 1 2 3 4 5 |  5.0
Polearms       | 1 2 3 4 5 |  5.0
Staves         | 1 2 3 4 5 |  5.0
Slings         | 1 2 3 4 5 |  5.0
Bows           | 1 2 3 4 5 |  5.0
Crossbows      | 1 2 3 4 5 |  5.0
Throwing       | 1 2 3 4 5 |  5.0
Armour         | 1 2 3 4 5 |  5.0
Shields        | 1 2 3 4 5 |  5.0
Unarmed Combat | 1 2 3 4 5 |  5.0
Evocations     | 1 2 3 4 5 |  5.0
Hexes          | 1 2 3 4 |  4.1
Charms         | 1 2 3 4 |  4.1
Summonings     | 1 2 3 4 |  4.1
Necromancy     | 1 2 3 4 |  4.1
Translocations | 1 2 3 4 |  4.1
Transmutations | 1 2 3 4 |  4.1
Ice Magic      | 1 2 3 4 |  4.1
Air Magic      | 1 2 3 4 |  4.1
Earth Magic    | 1 2 3 4 |  4.1
Poison Magic   | 1 2 3 4 |  4.1
Dodging        | 5 6 |  6.9
Stealth        | 5 6 |  6.6
Fire Magic     | 6 |  6.9

Action                   |  1- 3 |  4- 6 |  7- 9 | 10-12 || total
-------------------------+-------+-------+-------+-------++-------
Melee: Unarmed           |    13 |       |       |       ||    13
       Bite              |     1 |     5 |    17 |     2 ||    25
       Whip              |       |     2 |       |       ||     2
       Short sword       |       |    23 |    24 |       ||    47
       Great mace        |       |       |    71 |     7 ||    78
       Punch             |       |       |     1 |       ||     1
 Cast: Flame Tongue      |    64 |   121 |   204 |    48 ||   437
  Use: Scroll            |       |       |     9 |       ||     9
       Potion            |       |       |     2 |     3 ||     5
 Stab: Sleeping          |       |     2 |     1 |       ||     3
       Invisible         |       |       |     2 |       ||     2
  Eat: Chunk             |       |     6 |     7 |       ||    13
       Ration            |       |     1 |       |       ||     1
Armor: Robe              |    11 |     2 |       |     5 ||    18
       Ring mail         |       |    15 |    65 |     2 ||    82
Dodge: Dodged            |    57 |    57 |   207 |    52 ||   373

Table legend:
 A = Spawn XP
 B = Non-spawn XP
 C = Spawn XP percentage of total XP
 D = Spawn monster count
 E = Non-spawn monster count
 F = Spawn count percentage of total count
 G = Total turns spent on level
                    A         B        C        D         E        F      G
               +---------+---------+-------+---------+---------+-------+---------
         Total |       0 |    5884 |   0.0 |       0 |     202 |   0.0 |  7378
               +---------+---------+-------+---------+---------+-------+---------
           D:1 |       0 |      57 |   0.0 |       0 |      30 |   0.0 |  1118
           D:2 |       0 |     137 |   0.0 |       0 |      31 |   0.0 |  1100
           D:3 |       0 |     163 |   0.0 |       0 |      30 |   0.0 |  1108
           D:4 |       0 |      42 |   0.0 |       0 |       4 |   0.0 |   482
           D:5 |       0 |     908 |   0.0 |       0 |      25 |   0.0 |  1159
           D:6 |       0 |    1952 |   0.0 |       0 |      29 |   0.0 |  1088
           D:7 |       0 |    2442 |   0.0 |       0 |      12 |   0.0 |   649
         Sewer |       0 |     183 |   0.0 |       0 |      41 |   0.0 |   475
               +---------+---------+-------+---------+---------+-------+---------
